 Dungeon Crawl Stone Soup version 0.29-a0-80-g3050e97935 (webtiles) character file.

Game seed: 2907740124559152790

42 Gargoyl the Skirmisher (level 3, -9/36 HPs)
             Began as a Gargoyle Abyssal Knight on Feb 4, 2022.
             Was a Follower of Lugonu.
             Mangled by a gnoll (12 damage)
             ... on level 1 of the Dungeon.
             The game lasted 00:01:31 (1307 turns).

Gargoyl the Skirmisher (Gargoyle Abyssal Knight)    Turns: 1307, Time: 00:01:32

Health: -9/36      AC: 21    Str: 18    XL:     3   Next: 56%
Magic:  4/4        EV:  2    Int: 10    God:    Lugonu [*.....]
Gold:   50         SH:  0    Dex: 10    Spells: 2/2 levels left

rFire   . . .      SeeInvis .   a - +1 hand axe
rCold   . . .      Faith    .   (no shield)
rNeg    + . .      Spirit   .   (armour currently unavailable)
rPois   ∞          Reflect  .   (helmet currently unavailable)
rElec   .          Harm     .   (cloak currently unavailable)
rCorr   .          Rampage  .   (gloves currently unavailable)
Will    .....      NoTele   +   (boots currently unavailable)
Stlth   +.........              (no amulet)
HPRegen 0.12/turn               (no ring)
MPRegen 0.09/turn               (no ring)

@: tree-form
A: stationary, stasis, torment immunity, boosted hp, sickness immunity, AC +3,
negative energy resistance 1, (electricity resistance), torment resistance 1,
petrification resistance
a: Renounce Religion, Depart the Abyss


You were on level 1 of the Dungeon.
You worshipped Lugonu.
Lugonu was aware of your devotion.
You were a tree.
You visited 1 branch of the dungeon, and saw 2 of its levels.
You visited the Abyss 1 time.

You collected 50 gold pieces.

Inventory:

Hand Weapons
 a - a +1 hand axe (weapon)
Armour
 b - a +0 leather armour (melded)
Jewellery
 h - an amulet of the acrobat
Scrolls
 c - a scroll of identify {unknown}
 d - a scroll of immolation {unknown}
 f - a scroll of teleportation {unknown}
 g - a scroll of holy word {unknown}
 i - a scroll of blinking {unknown}


   Skills:
 + Level 3.7 Fighting
 + Level 2.7 Axes
 + Level 2.3 Armour
 + Level 1.0 Dodging
 + Level 2.3 Invocations


You had 2 spell levels left.
You didn't know any spells.
Your spell library contained the following spells:

 Spells                   Type           Power      Damage    Failure   Level
 Magic Dart               Conj           0%         1d3       36%         1
 Searing Ray              Conj           0%         2d4       50%         2
 Fulminant Prism          Conj/Hex       0%         3d6       98%         4


Dungeon Overview and Level Annotations

Branches:
Dungeon (2/15)

Altars:


Innate Abilities, Weirdness & Mutations

You are a tree.
Your roots penetrate the ground, keeping you stationary.
You cannot be teleported.
You are immune to unholy pain and torment.
Your maximum health is greatly increased.
Your equipment is partially melded.
You are immune to sickness and miasma.
((Your stone body is resilient. (AC +3)))
You are immune to poison.
You resist negative energy. (rN+)
((You are resistant to electric shocks. (rElec)))
You are resistant to unholy torment.
You are immune to petrification.


Message History

You climb upwards.
There is a stone staircase leading down here.
You barely miss the gnoll. You closely miss the hobgoblin.
The hobgoblin misses you.
The gnoll hits you with a +2 whip of electrocution.
You hit the gnoll.
The gnoll is lightly wounded.
You hit the hobgoblin. The hobgoblin closely misses you.
The gnoll hits you with a +2 whip of electrocution.
You closely miss the gnoll.
The gnoll is lightly wounded.
You hit the hobgoblin. The hobgoblin hits you.
* * * LOW HITPOINT WARNING * * *
The gnoll barely misses you.
You closely miss the gnoll.
The gnoll is lightly wounded.
You closely miss the hobgoblin. The hobgoblin barely misses you.
The gnoll hits you with a +2 whip of electrocution.
* * * LOW HITPOINT WARNING * * *
The hobgoblin hits you.
* * * LOW HITPOINT WARNING * * *
The gnoll hits you but does no damage.
Okay, then.
It was a potion of lignification.
You turn into a tree.
Your +0 leather armour melds into your body.
Your roots penetrate the ground.
The hobgoblin hits you but does no damage.
The gnoll hits you but does no damage.
You barely miss the gnoll. You punch the gnoll.
The gnoll is moderately wounded.
You hit the hobgoblin.
The hobgoblin hits you but does no damage.
The gnoll hits you but does no damage.
You hit the gnoll.
The gnoll is heavily wounded.
You hit the hobgoblin.
You kill the hobgoblin!
Lugonu accepts your kill. The gnoll hits you but does no damage.
You are electrocuted!
You die...

.#### ##...#
#.......###....# ..##
###.# #.......#..#...#
...# #.#
#......#....#..# .#.##
#.# ####.##..†..#..#
##..# #.# #...........#
###.# #.# #...†.####..#
# #.## #.# #..........##
# #..###
#.######.....######
##...####.##.÷♣#.....#
## #.#...##....g÷#.....#
.###..#.#.#>.....#.....#
..##......#.#....#.....#
.....#.#.#.......#.....#
#.##........##...#.....#
#.##..#.#..####........#
#..#.#.....####...######
..................#


You could see a gnoll.

Vanquished Creatures
  An adder (D:1)
  A dart slug (D:1)
  4 bats (D:1)
  An endoplasm (D:1)
  A giant cockroach (D:1)
  2 goblins
  4 hobgoblins
  2 kobolds
  3 quokkas
  8 ball pythons
  2 frilled lizards
  3 rats (D:1)
32 creatures vanquished.

Notes
Turn   | Place    | Note
-------+----------+-------------------------------------------
     0 | Abyss:1  | Gargoyl the Gargoyle Abyssal Knight began the quest for the
                  | Orb.
     0 | Abyss:1  | Reached XP level 1. HP: 14/14 MP: 2/2
    29 | D:1      | Escaped the Abyss
   307 | D:1      | Reached XP level 2. HP: 18/19 MP: 3/3
   499 | D:1      | Reached * piety under Lugonu
   578 | D:1      | Found a faded altar of an unknown god.
   710 | D:1      | Reached XP level 3. HP: 23/23 MP: 4/4
   790 | D:1      | Found Dyaggebaf's Book Boutique.
   937 | D:2      | Reached skill level 1 in Dodging
  1304 | D:1      | HP: 1/24 [hobgoblin (1)]
  1307 | D:1      | Mangled by a gnoll

Illustrated notes

Levels and vault maps discovered:
D:1:      lightli_arrival_chessboard, layout_rooms, serial_curves,
          eino_curves_02, eino_curves_01, chequers_ecumenical_altar_twisty,
          serial_shops, nicolae_lakefront_shop, minivault_26, hex_tiny,
          corexii_item_surrounded_by_moat, minmay_misc_feat_chi
D:2:      layout_basic, basic_altar, minmay_misc_feat_secret_circle,
          fountainhead, kennysheep_generic_room_16

Skill      XL: |  1  2  3 |
---------------+----------+-----
Axes           | 2 |  2.7
Dodging        | 1 |  1.0
Fighting       | |  3.7
Armour         | |  2.3
Invocations    | |  2.3

Action                   || total
-------------------------++-------
Melee: Hand axe          ||   101
       Punch             ||     2
Invok: Depart the Abyss  ||     1
  Use: Potion            ||     1
Armor: Leather armour    ||    63
       Skin              ||     5
Dodge: Dodged            ||   106

Table legend: (Time is in decaauts)
 A = Elapsed time spent in this place.
 B = Non-inter-level travel time spent in this place.
 C = Inter-level travel time spent in this place.
 D = Time resting spent in this place.
 E = Time spent auto-exploring this place.
 F = Levels seen in this place.
 G = Mean time per level.
                   A        B        C        D        E       F      G
               +--------+--------+--------+--------+--------+-----+--------+
         Total |   1328 |   1305 |     23 |    216 |    770 |   3 |  442.7 |
       Dungeon |   1299 |   1276 |     23 |    216 |    741 |   2 |  649.5 |
         Abyss |     29 |     29 |      0 |      0 |     29 |   1 |   29.0 |
               +--------+--------+--------+--------+--------+-----+--------+

Top non-repeatable levels by time:
     D:1: 1140 daAuts
     D:2: 158 daAuts
 Abyss:1: 29 daAuts
